AoeStats
← lum3n

Arena

508560795Analyzed
2v2 RM · 10d ago on Sep 23, 2026· 55m 51s· 4 players
Game mode
Random Map
Map size
Medium (4 player)
Population
200
Speed
Normal
Resources
Standard
Victory
Conquest
Starting age
Dark Age
Ending age
Imperial Age
RankedLock teamsTeams togetherTeam positionsShared explorationLock speedFull tech treeHidden civsTurbo modeCheats
Victory
Defeat
🇺🇸 Varangians · United States
1209
+16
🇺🇸 Saxons · United States
1208
+16
🇺🇸 Spanish · United States
1200
-16
🇺🇸 Berbers · United States
1200
-16
fatruff3
11:03 Feudal Age
15:16 Castle Age
14:03 Double-Bit Axe
14:27 Horse Collar
16:08 Fletching
17:12 Bodkin Arrow
18:50 Padded Archer Armor
18:50 Gold Mining
19:13 Bow Saw
19:49 Bloodlines
19:30 Loom
21:58 Husbandry
23:10 Wheelbarrow
25:24 Town Watch
27:12 Hand Cart
27:25 Leather Archer Armor
28:31 Ballistics
28:14 Town Patrol
30:40 Kasbah
31:03 Forging
30:58 Scale Barding Armor
33:52 Imperial Age
34:50 Bracer
35:20 Ring Archer Armor
34:54 Maghrebi Camels
36:07 Conscription
37:56 Elite Camel Archer
38:06 Light Cavalry
39:00 Forging
38:55 Scale Barding Armor
39:12 Heavy Plow
41:30 Hussar
54:00 Chain Barding Armor
54:28 Iron Casting
56:25 Plate Barding Armor
Bob_the_Alienator
10:27 Feudal Age
12:35 Loom
15:15 Castle Age
16:46 Double-Bit Axe
29:22 Imperial Age
30:05 Bloodlines
30:45 Padded Archer Armor
34:25 Husbandry
34:45 Leather Archer Armor
35:16 Cavalier
37:14 Gold Mining
37:07 Horse Collar
37:47 Bow Saw
39:06 Wheelbarrow
38:46 Scale Barding Armor
38:54 Forging
40:41 Chain Barding Armor
42:11 Plate Barding Armor
47:01 Town Watch
47:57 Iron Casting
47:13 Fletching
50:32 Conscription
49:40 Light Cavalry
50:56 Bodkin Arrow
51:56 Heavy Plow
55:53 Bracer
55:22 Elite Skirmisher
lum3n
10:52 Feudal Age
14:54 Castle Age
14:15 Loom
17:03 Bloodlines
18:43 Light Cavalry
20:56 Double-Bit Axe
25:15 Horse Collar
26:51 Scale Barding Armor
28:09 Wheelbarrow
28:58 Forging
30:02 Husbandry
30:46 Heavy Plow
31:39 Chain Barding Armor
33:33 Iron Casting
37:11 Imperial Age
36:04 Hand Cart
36:30 Fletching
36:40 Padded Archer Armor
37:28 Elite Jarl
38:18 Town Watch
39:20 Plate Barding Armor
40:30 Blast Furnace
39:44 Bodkin Arrow
39:22 Cavalier
39:42 Elite Skirmisher
40:40 Leather Archer Armor
40:53 Conscription
42:45 Bracer
43:24 Ballistics
44:04 Chemistry
49:37 Hussar
SenileOyster
11:42 Feudal Age
12:59 Double-Bit Axe
13:10 Loom
15:40 Castle Age
13:27 Horse Collar
16:54 Bow Saw
18:31 Gold Mining
19:31 Fletching
24:26 Elite Skirmisher
27:41 Heavy Plow
31:00 Imperial Age
30:32 Wheelbarrow
31:23 Bodkin Arrow
31:29 Padded Archer Armor
33:50 Bracer
34:54 Ballistics
36:11 Town Watch
36:42 Hand Cart
36:14 Loom
38:03 Chemistry
38:18 Thumb Ring
38:32 Leather Archer Armor
40:38 Ring Archer Armor
40:49 Scale Mail Armor
41:00 Forging
40:47 Pikeman
41:27 Squires
41:13 Gambesons
42:30 Chain Mail Armor
42:17 Halberdier
45:10 Elite Hearth Troop
46:13 Conscription
49:59 Siege Engineers
50:41 Plate Mail Armor
50:46 Iron Casting
49:50 Shield Wall
Connection lost

Rejoining the realm…

Still unreachable

The connection could not be restored.

Session expired

The server has moved on; the page needs a fresh start.